 Dungeon Crawl Stone Soup version 0.25-a0-1073-gf4359a1 (webtiles) character file.

Game seed: 1122108672217620802, levelgen mode: deterministic

189068 Faca the Warrior (level 17, -7/168 HPs)
             Began as a Red Draconian Berserker on May 14, 2020.
             Was the Champion of Trog.
             Killed by the air
             ... invoked by a wind drake
              (17 damage)
             ... on level 1 of the Shoals.
             The game lasted 01:10:31 (30121 turns).

Faca the Warrior (Red Draconian Berserker)         Turns: 30121, Time: 01:10:32

Health: -7/168     AC: 17    Str: 25    XL:     17   Next: 49%
Magic:  17/17      EV: 19    Int: 10    God:    Trog [******]
Gold:   3089       SH: 14    Dex: 12    Spells: 16/16 levels left

rFire    + . .     SeeInvis +   t - +3 demon whip (venom)
rCold    . . .     Gourm    .   M - +0 kite shield {AC+3}
rNeg     . . .     Faith    .   (armour unavailable)
rPois    +         Spirit   .   (helmet restricted)
rElec    +         Reflect  .   D - +0 cloak
rCorr    .         Harm     .   u - +0 pair of gloves
MR       ++...                  z - +2 pair of boots {Stlth+}
Stlth    +.........             h - amulet of regeneration
HPRegen  0.78/turn              I - ring of Vumooren {rElec Int+2 SInv}
MPRegen  0.15/turn              G - ring "Ysaitial" {rPois MR+}

@: about to teleport, barbed spikes, studying Fighting, very slow
A: breathe fire, unfitting armour, fire resistance 1, cold-blooded, AC +9
}: 1/15 runes: gossamer
a: Breathe Fire, Berserk, Trog's Hand, Brothers in Arms, Renounce Religion


You were on level 1 of the Shoals.
You worshipped Trog.
Trog was exalted by your worship.
You were not hungry.

You visited 5 branches of the dungeon, and saw 28 of its levels.
You visited 1 bazaar.
You also visited: Gauntlet and Ice Cave.

You collected 4302 gold pieces.
You spent 1213 gold pieces at shops.

Inventory:

Hand Weapons
 i - a +3 eveningstar of flaming
 t - a +3 demon whip of venom (weapon)
Missiles
 q - 7 throwing nets
 A - 10 boomerangs (quivered)
 K - 34 javelins
Armour
 u - a +0 pair of gloves (worn)
 z - a +2 pair of boots of stealth (worn)
 D - a +0 cloak (worn)
 M - a +0 kite shield of protection (worn)
Jewellery
 h - an amulet of regeneration (around neck)
 o - the ring "Nocuh" {rN+ Str+4 Dex+6}
   (You found it on level 5 of the Lair of Beasts)

   [ring of dexterity]

   It affects your strength (+4).
   It affects your dexterity (+6).
   It protects you from negative energy.
 G - the ring "Ysaitial" (right hand) {rPois MR+}
   (You acquired it on level 11 of the Dungeon)

   [ring of poison resistance]

   It protects you from poison.
   It affects your resistance to hostile enchantments.
 H - an uncursed ring of protection from cold
 I - the ring of Vumooren (left hand) {rElec Int+2 SInv}
   (You found it in a Gauntlet)

   [ring of see invisible]

   It affects your intelligence (+2).
   It insulates you from electricity.
   It lets you see invisible.
Wands
 m - a wand of iceblast (19)
 w - a wand of digging (3)
 y - a wand of paralysis (5)
 F - a wand of clouds (5)
 R - a wand of acid (11)
 S - a wand of disintegration (18)
Scrolls
 e - 8 scrolls of remove curse
 f - 8 scrolls of teleportation
 n - 3 scrolls of immolation
 s - 8 scrolls of identify
 v - 2 scrolls of magic mapping
 x - 3 scrolls of enchant armour
 C - 3 scrolls of fear
 J - a scroll of silence
 L - a scroll of blinking
 N - 2 scrolls of summoning
 P - a scroll of torment
Potions
 a - 2 potions of flight
 c - 9 potions of curing
 d - 7 potions of lignification
 g - 7 potions of ambrosia
 j - 7 potions of haste
 k - 5 potions of might
 p - 2 potions of resistance
 r - 5 potions of berserk rage
 B - 8 potions of mutation
 O - 2 potions of cancellation
Books
 E - a manual of Fighting
Comestibles
 b - 45 rations
 l - 6 chunks of flesh


   Skills:
 + Level 19.5 Fighting
 + Level 16.4 Maces & Flails
 + Level 9.0 Throwing
 + Level 13.1 Dodging
 + Level 13.8 Shields


You had 16 spell levels left.
You didn't know any spells.
Your spell library was empty.

Dungeon Overview and Level Annotations

Branches:
Dungeon (15/15)            Temple (0/1) D:5            Lair (6/6) D:10
 Shoals (1/4) Lair:3       Spider (4/4) Lair:3        Slime (0/5) Lair:5
    Orc (2/2) D:12            Elf (0/3) Orc:2        Vaults (0/5) D:13
 Depths (0/5) D:15          IceCv (visited)         Gauntlet (visited)

Altars:
Ashenzari
Fedhas
Hepliaklqana
Makhleb
Sif Muna
Trog
Uskayaw
Wu Jian
Zin

Shops:
D:11 *:?:   Orc:2 }%![

Portals:
Trove: D:11 (give +3 shadow dragon scales)

Annotations:
Lair:1 exclusion: 2 oklob plants
Shoals:1 Nikola


Innate Abilities, Weirdness & Mutations

You can breathe blasts of fire.
Your fiery red scales are hard. (AC +9)
You cannot fit into any form of body armour.
Your flesh is heat resistant. (rF+)
You are cold-blooded and may be slowed by cold attacks.


Message History

You resist with almost no effort.
As you read the scroll of teleportation, it crumbles to dust.
You feel strangely unstable.
The merfolk hits you with a +0 trident!!
* * * LOW HITPOINT WARNING * * *
The faun shoots a stone.
The stone closely misses you.
You hear a splash.
The wind drake flaps its wings at you. The air twists around and strikes you!
* * * LOW HITPOINT WARNING * * *
You feel better. You block the merfolk's attack.
The faun shoots a stone.
You block the stone.
You hear a splash.
The manticore flicks its tail.
The volley of spikes hits you!
The barbed spikes become lodged in your body.
* * * LOW HITPOINT WARNING * * *
The wind drake flaps its wings at you. The air twists around and strikes you!
You die...

≈≈≈≈≈≈≈≈≈≈≈≈≈≈≈≈≈≈≈
≈≈≈≈≈≈≈≈≈≈≈≈≈≈≈≈≈≈≈≈≈
≈≈≈≈≈PPP≈≈≈P≈≈≈≈≈≈≈≈≈
≈P≈P≈≈≈≈P≈≈≈≈≈≈≈≈≈≈≈≈
P≈≈≈≈≈≈≈≈≈.≈≈≈≈≈≈≈≈≈≈
≈≈PP≈≈≈≈≈≈≈≈≈≈≈≈≈≈≈≈≈
≈≈≈≈PP≈P≈≈k.≈≈≈≈≈≈≈≈≈
≈≈≈....≈P.....≈≈≈≈≈≈≈
≈≈≈..##...##.@m≈≈≈≈≈≈
≈≈≈≈≈.###..###≈≈≈≈≈≈≈≈≈
≈≈≈≈≈.......≈≈≈≈≈≈≈≈≈≈≈
≈≈≈≈≈≈≈≈...≈≈≈≈≈≈≈≈≈≈≈≈
≈≈≈≈≈≈≈≈≈≈≈≈≈.≈≈≈≈≈≈≈≈≈
≈≈≈≈≈≈≈≈≈≈≈m≈≈H≈≈H≈≈≈≈≈
≈≈≈≈≈≈≈≈≈≈≈≈≈≈≈≈≈≈≈≈≈≈≈
≈≈≈≈≈≈≈≈≈≈≈≈c≈≈≈≈≈≈≈≈≈≈
≈≈≈≈≈≈≈≈≈Ck≈≈k≈≈≈≈≈≈


You could see a merfolk avatar, a wind drake (repels missiles, poisoned), a
merfolk (very poisoned), a faun and 2 manticores.

Vanquished Creatures
  Arachne (Spider:4)
  Jorgrun (D:13)
  Frances (D:13)
  Agnes (Spider:4)
  A frost giant (IceCv)
  2 orc warlords
  4 ghost moths (Spider:4)
  An emperor scorpion (Spider:4)
  A stone giant (Orc:1)
  6 entropy weavers
  A dire elephant (Lair:6)
  Nessos (D:14)
  3 spark wasps (Spider:4)
  A minotaur (Gauntlet)
  2 ettins
  Fannar (Lair:2)
  7 hydras
  A catoblepas (Lair:6)
  A queen ant (Lair:5)
  4 centaur warriors
  5 two-headed ogres
  A death knight (D:15)
  12 death yaks
  A deep troll shaman (Lair:6)
  3 orc high priests (Orc:2)
  4 tengu warriors (D:15)
  Urug (Lair:5)
  2 unseen horrors
  A sea snake (Shoals:1)
  A deep elf archer (D:15)
  6 orc knights
  A necromancer (D:13)
  9 orc sorcerers
  19 orb spiders
  19 ugly things
  27 wolf spiders
  2 cyclopes
  9 elephants
  A moth of wrath (Spider:4)
  5 centaur zombies
  5 manticores
  6 black mambas
  10 spiny frogs
  2 torpor snails
  2 gargoyles
  4 komodo dragons
  3 rime drakes
  6 demonic crawlers
  An efreet (D:15)
  2 freezing wraiths
  A tengu conjurer (D:15)
  20 polar bears
  29 jumping spiders
  A merfolk (Shoals:1)
  9 trolls
  8 hornets
  16 blink frogs
  2 harpy skeletons (D:14)
  A queen bee (D:9)
  5 dream sheep (Lair:5)
  12 hippogriffs
  24 tarantellas
  63 redbacks
  2 vampires
  4 wraiths
  A shadow (D:15)
  4 wyverns
  2 basilisks
  47 yaks
  19 wargs
  2 hungry ghosts
  11 soldier ants
  2 two-headed ogre zombies (D:12)
  12 porcupines
  10 water moccasins
  26 orc warriors
  5 black bears
  13 ice beasts
  5 sky beasts
  3 phantoms (D:12)
  An eye of draining (D:14)
  14 ogres
  38 wolves
  3 necrophages
  16 centaurs
  15 crocodiles
  A big kobold (D:10)
  23 bullfrogs
  7 scorpions
  A water moccasin skeleton (D:7)
  40 killer bees
  3 troll zombies (D:12)
  6 howler monkeys
  A vampire bat (Lair:2)
  10 wights
  2 electric eels
  A bullfrog zombie (D:8)
  9 crimson imps
  A quasit (D:10)
  20 jellies
  6 hounds
  7 orc priests
  26 orc wizards
  3 bullfrog skeletons
  6 centaur skeletons
  Jessica (D:2)
  24 worker ants
  Ijyb (D:4)
  Natasha (twice) (D:2)
  An iguana (D:13)
  3 ogre zombies (D:12)
  A hound zombie (D:7)
  A hound skeleton (D:9)
  3 worker ant zombies
  A howler monkey skeleton (D:4)
  13 gnolls
  9 adders
  6 shadow imps
  An ooze (D:1)
  An adder zombie (D:7)
  An adder skeleton (D:5)
  6 worms
  A dart slug (D:3)
  3 leopard geckos
  84 orcs
  13 bats
  10 giant cockroaches
  5 goblins
  6 hobgoblins
  18 jackals
  10 kobolds
  8 quokkas
  5 ball pythons
  4 frilled lizards
  A goblin skeleton (D:12)
  3 goblin zombies (D:12)
  4 hobgoblin zombies (D:12)
  2 jackal skeletons
  A leopard gecko skeleton (D:4)
  A leopard gecko zombie (D:6)
  3 orc skeletons (D:12)
  14 orc zombies (D:12)
  A quokka skeleton (D:5)
  26 rats
  2 fungi
  2 plants (Lair:5)
1132 creatures vanquished.

Vanquished Creatures (others)
  An orc priest (Orc:2)
  An orc wizard (Orc:2)
  A ball python skeleton (D:4)
  A demonic plant (Gauntlet)
  4 fungi (Lair:6)
  3 plants
  14 withered plants (Gauntlet)
25 creatures vanquished.

Grand Total: 1157 creatures vanquished

Notes
Turn   | Place    | Note
-------+----------+-------------------------------------------
     0 | D:1      | Faca the Draconian Berserker began the quest for the Orb.
     0 | D:1      | Reached XP level 1. HP: 19/19 MP: 1/1
    41 | D:1      | Reached XP level 2. HP: 16/27 MP: 2/2
   244 | D:1      | Reached skill level 4 in Fighting
   255 | D:1      | Reached XP level 3. HP: 30/33 MP: 3/3
   329 | D:1      | Reached ** piety under Trog
   729 | D:2      | Noticed Natasha
   736 | D:2      | Killed Natasha
   736 | D:2      | Reached XP level 4. HP: 40/41 MP: 4/4
  1205 | D:2      | Noticed Jessica
  1211 | D:2      | Killed Jessica
  1267 | D:2      | Noticed Natasha
  1275 | D:2      | Killed Natasha
  1275 | D:2      | Reached skill level 5 in Fighting
  1275 | D:2      | Reached XP level 5. HP: 47/48 MP: 5/5
  1483 | D:3      | Reached *** piety under Trog
  1797 | D:3      | Found a shattered altar of Ashenzari.
  1817 | D:3      | Reached skill level 5 in Maces & Flails
  2206 | D:4      | Found a burning altar of Makhleb.
  2206 | D:4      | Noticed Ijyb
  2239 | D:3      | Reached XP level 6. HP: 23/57 MP: 6/6
  2248 | D:3      | Reached skill level 6 in Fighting
  2365 | D:4      | Killed Ijyb
  2486 | D:4      | Got a crystal whip
  2487 | D:4      | Identified the +8 whip of the Rattlesnake {venom, *Slow
                  | Int+5 Dex-5} (You found it on level 4 of the Dungeon)
  2553 | D:4      | Reached **** piety under Trog
  2572 | D:4      | Your scales start taking on a fiery red colour.
  2572 | D:4      | Reached XP level 7. HP: 21/64 MP: 7/7
  2572 | D:4      | Gained mutation: Your flesh is heat resistant. (rF+) [Red
                  | Draconian growth]
  2999 | D:5      | Entered Level 5 of the Dungeon
  3019 | D:5      | Reached skill level 7 in Fighting
  3191 | D:5      | Found a staircase to the Ecumenical Temple.
  3470 | D:6      | Found a hazy altar of Hepliaklqana.
  3497 | D:6      | Noticed a gargoyle
  3514 | D:6      | Killed a gargoyle
  3514 | D:6      | Reached skill level 8 in Fighting
  3514 | D:6      | Reached XP level 8. HP: 32/74 MP: 8/8
  3614 | D:6      | Found an ornate altar of the Wu Jian Council.
  3654 | D:6      | Found a bloodstained altar of Trog.
  3970 | D:6      | Reached skill level 9 in Fighting
  4035 | D:6      | Found a bloodstained altar of Trog.
  4037 | D:6      | Noticed a moth of wrath
  4040 | D:6      | Found a bloodstained altar of Trog.
  4467 | D:7      | Noticed a +0 dagger
  4469 | D:7      | Found a hide-covered altar of Uskayaw.
  4470 | D:7      | Noticed a +0 dagger
  4633 | D:7      | Reached XP level 9. HP: 81/85 MP: 9/9
  4690 | D:7      | Got a bloodstained short sword
  4691 | D:7      | Identified the +12 short sword of Royalism {protect, rF-
                  | rN++ MR++ Stlth+} (You found it on level 7 of the Dungeon)
  4760 | D:7      | Reached skill level 10 in Fighting
  5404 | D:8      | Reached skill level 10 in Maces & Flails
  5514 | D:8      | Reached skill level 11 in Fighting
  5733 | D:8      | Reached skill level 1 in Shields
  5805 | D:8      | Found a blossoming altar of Fedhas.
  5805 | D:8      | Found a shimmering blue altar of Sif Muna.
  6139 | D:9      | Reached XP level 10. HP: 68/96 MP: 10/10
  6357 | D:9      | Noticed a two-headed ogre
  6368 | D:9      | Killed a two-headed ogre
  6519 | D:9      | Reached ***** piety under Trog
  7115 | D:10     | Entered Level 10 of the Dungeon
  7178 | D:10     | Reached skill level 12 in Fighting
  7178 | D:10     | Reached skill level 5 in Dodging
  7314 | D:10     | Found a bloodstained altar of Trog.
  7656 | D:10     | Found a staircase to the Lair.
  7665 | D:10     | Reached XP level 11. HP: 84/104 MP: 11/11
  7850 | D:11     | Received a gift from Trog
  7850 | D:11     | Reached skill level 5 in Shields
  8025 | D:11     | Found a gateway to a bazaar.
  8029 | D:11     | Found Ena Dirch's Magic Scroll Shoppe.
  8160 | D:11     | Found Iroup's General Store.
  8160 | D:11     | Noticed a white ugly thing
  8171 | D:11     | Killed a white ugly thing
  8412 | D:11     | Killed an unseen horror
  8659 | D:11     | Found a portal to a secret trove of treasure.
  8720 | D:11     | Found Ucwus's Book Shoppe.
  8752 | D:11     | Found Gixzyass's Book Shoppe.
  8789 | D:11     | Identified a scroll of acquirement
  8789 | D:11     | Identified the ring "Ysaitial" {rPois MR+} (You acquired it
                  | on level 11 of the Dungeon)
  9153 | D:12     | Found a staircase to the Orcish Mines.
  9284 | D:12     | Received a gift from Trog
  9735 | D:12     | Reached skill level 13 in Fighting
  9982 | Lair:1   | Entered Level 1 of the Lair of Beasts
 10016 | Lair:1   | Reached XP level 12. HP: 108/115 MP: 12/12
 10590 | Lair:1   | You fall into a shaft and drop 1 floor!
 10646 | Lair:2   | Noticed Fannar
 10651 | Lair:2   | Killed Fannar
 10675 | Lair:2   | Found a gate leading to a gauntlet.
 10712 | Gauntlet | Entered a Gauntlet
 10712 | Gauntlet | Found a transporter.
 10712 | Gauntlet | Found a transporter.
 10716 | Gauntlet | Found a transporter.
 10716 | Gauntlet | Found a transporter.
 10723 | Gauntlet | Found a transporter.
 10744 | Gauntlet | Found a transporter.
 10752 | Gauntlet | Found a transporter.
 10754 | Gauntlet | Found a transporter.
 10755 | Gauntlet | Found a transporter.
 10763 | Gauntlet | Found a transporter.
 10792 | Gauntlet | Found a transporter.
 10821 | Gauntlet | Found a transporter.
 10862 | Gauntlet | Found a transporter.
 10876 | Gauntlet | Found a transporter.
 10992 | Gauntlet | Found a transporter.
 11011 | Gauntlet | Found a transporter.
 11226 | Gauntlet | Got a slimy wooden ring
 11237 | Gauntlet | Identified the ring of Vumooren {rElec Int+2 SInv} (You
                  | found it in a Gauntlet)
 11253 | Gauntlet | Noticed a minotaur
 11264 | Gauntlet | Killed a minotaur
 12663 | Lair:3   | Reached ****** piety under Trog
 12789 | Lair:3   | Found a hole to the Spider Nest.
 12801 | Lair:3   | Received a gift from Trog
 12958 | Lair:3   | Found a staircase to the Shoals.
 12965 | Lair:3   | Reached skill level 14 in Fighting
 13193 | Lair:3   | Noticed a six-headed hydra
 13206 | Lair:3   | Killed a six-headed hydra
 13206 | Lair:3   | Reached XP level 13. HP: 57/124 MP: 13/13
 14996 | Lair:5   | Noticed Urug
 15016 | Lair:5   | Killed Urug
 15343 | Lair:5   | Found a staircase to the Slime Pits.
 15404 | Lair:5   | Noticed an entropy weaver
 15404 | Lair:5   | Noticed an entropy weaver
 15417 | Lair:5   | Received a gift from Trog
 15443 | Lair:5   | Reached skill level 10 in Shields
 15485 | Lair:5   | Killed an entropy weaver
 15786 | Lair:4   | Killed an entropy weaver
 16211 | Lair:5   | Got a transparent bronze ring
 16492 | Lair:5   | Identified the ring "Nocuh" {rN+ Str+4 Dex+6} (You found it
                  | on level 5 of the Lair of Beasts)
 16502 | Lair:6   | Entered Level 6 of the Lair of Beasts
 16502 | Lair:6   | Found a glowing silver altar of Zin.
 16517 | Lair:5   | Reached skill level 15 in Fighting
 16617 | Lair:5   | Reached skill level 10 in Dodging
 16713 | Lair:6   | Reached XP level 14. HP: 96/135 MP: 14/14
 17234 | Lair:6   | Reached skill level 1 in Throwing
 17906 | Lair:6   | Received a gift from Trog
 18360 | Lair:6   | Found the +8 longbow "Zephyr" {speed, Dex+3 SInv}
 18650 | Orc:1    | Entered Level 1 of the Orcish Mines
 18909 | Orc:1    | Noticed a stone giant
 18920 | Orc:1    | Killed a stone giant
 19120 | Orc:2    | Entered Level 2 of the Orcish Mines
 19205 | Orc:2    | Found Suckeamp's Gadget Emporium.
 19276 | Orc:2    | Found a staircase to the Elven Halls.
 19324 | Orc:2    | Found a frozen archway.
 19362 | IceCv    | Entered an ice cave
 19391 | IceCv    | Reached skill level 16 in Fighting
 19533 | IceCv    | Identified the amulet of Mytek {Acrobat *Contam Int+2 SInv
                  | Stlth+} (You acquired it in an ice cave)
 19533 | IceCv    | Identified the +0 tower shield of Baldness {Harm *Drain MR-
                  | rCorr} (You acquired it in an ice cave)
 19640 | IceCv    | Received a gift from Trog
 19649 | IceCv    | Reached XP level 15. HP: 121/144 MP: 15/15
 19761 | IceCv    | Noticed a frost giant
 19783 | IceCv    | Killed a frost giant
 20801 | Orc:2    | Noticed an orc warlord
 20878 | Orc:1    | Killed an orc warlord
 20878 | Orc:1    | Reached skill level 5 in Throwing
 21013 | Orc:2    | Noticed an orc warlord
 21028 | Orc:2    | Killed an orc warlord
 21029 | Orc:2    | Received a gift from Trog
 21031 | Orc:2    | Reached skill level 15 in Maces & Flails
 21329 | Orc:2    | Found Qycudos's Distillery.
 21329 | Orc:2    | Found Arompace's Armour Boutique.
 21331 | Orc:2    | Found Sotuon's Food Shoppe.
 21331 | Orc:2    | Found Hobuus's Food Boutique.
 21481 | Bazaar   | Entered a bazaar
 21494 | Bazaar   | Found Tidaure's Antique Weapon Emporium.
 21505 | Bazaar   | Found Juis's Antique Weapon Shoppe.
 21521 | Bazaar   | Found Luosaik's Antique Armour Emporium.
 21532 | Bazaar   | Found Fetz's Antique Armour Shoppe.
 21554 | D:11     | Bought a scroll of enchant armour for 97 gold pieces
 21554 | D:11     | Bought a scroll of blinking for 97 gold pieces
 21554 | D:11     | Bought a scroll of summoning for 123 gold pieces
 21637 | Orc:2    | Bought a potion of haste for 140 gold pieces
 21637 | Orc:2    | Bought 2 potions of resistance for 280 gold pieces
 21637 | Orc:2    | Bought a potion of mutation for 112 gold pieces
 21637 | Orc:2    | Bought a potion of haste for 140 gold pieces
 21637 | Orc:2    | Bought a potion of cancellation for 112 gold pieces
 21637 | Orc:2    | Bought a potion of mutation for 112 gold pieces
 21734 | D:13     | Noticed Frances
 21747 | D:13     | Killed Frances
 21798 | D:13     | Noticed Jorgrun
 21803 | D:13     | Killed Jorgrun
 21941 | D:13     | Reached skill level 17 in Fighting
 22129 | D:13     | Found a gate to the Vaults.
 23478 | D:14     | Noticed Nessos
 23483 | D:14     | Killed Nessos
 23612 | D:14     | Reached XP level 16. HP: 129/155 MP: 16/16
 23959 | D:15     | Entered Level 15 of the Dungeon
 24030 | D:15     | Received a gift from Trog
 24392 | D:15     | Found a staircase to the Depths.
 24514 | D:15     | Found a shattered altar of Ashenzari.
 24712 | D:15     | Reached skill level 18 in Fighting
 25249 | Spider:1 | Entered Level 1 of the Spider Nest
 25826 | Spider:1 | Received a gift from Trog
 27841 | Spider:4 | Entered Level 4 of the Spider Nest
 28112 | Spider:4 | Reached XP level 17. HP: 141/166 MP: 17/17
 28219 | Spider:4 | Received a gift from Trog
 28235 | Spider:4 | Noticed Arachne
 28239 | Spider:4 | Reached skill level 19 in Fighting
 28267 | Spider:4 | Killed Arachne
 28693 | Spider:4 | Noticed Agnes
 28712 | Spider:4 | Killed Agnes
 29693 | Spider:4 | Got a gossamer rune of Zot
 29888 | Shoals:1 | Entered Level 1 of the Shoals
 29975 | Shoals:1 | Noticed Nikola
 30121 | Shoals:1 | Killed from afar by a wind drake

Illustrated notes

Levels and vault maps discovered:
D:1:      saegor_arrival_simple_b, layout_rooms
D:2:      layout_basic, st_stairs_11, mrwooster_statue_mirror,
          corexii_item_surrounded_by_moat, uniq_natasha, uniq_jessica
D:3:      layout_basic, lemuel_doored_altar, minmay_rat_hole
D:4:      layout_cave_pools, makhleb_heckhound_becter, first_ration, uniq_ijyb
D:5:      layout_rooms, minmay_temple_entry_overgrown
D:6:      layout_basic, marbit_many_paths, kennysheep_mini_moat,
          nicolae_overflow_crystal_walls, basic_altar, tgw_trog
D:7:      minmay_octagon_keep, layout_basic, dancing_weapons_uskayaw
D:8:      layout_loops_ring, grunt_temple_overflow_open
D:9:      layout_roguey [special_room_bee]
D:10:     layout_basic, grunt_lair_entry_orc_guard_hut, basic_altar
D:11:     layout_gridville, serial_shops, bzr_entry_water,
          kennysheep_little_box, kennysheep_mini, nicolae_shop_stone,
          shop_coins, enter_trove_0
D:12:     layout_roguey, zombieorc2_lemuel
D:13:     layout_irregular_city, david_vaults_1, grunt_ogre_cave,
          hangedman_abyss_or_decor_stabs, uniq_jorgrun, uniq_frances
D:14:     layout_irregular_city, kennysheep_another_room, uniq_nessos
D:15:     hangedman_depths_entry_civil_slaughter, layout_gridville,
          nicolae_ashenzari_panopticon
Lair:1:   layout_long_grid, grunt_megastairs_1, lemuel_fruit_fields,
          lemuel_fruit_fields, minmay_lair_oklob_chamber
Lair:2:   layout_regular_city, gauntlet_entry_generic, roderic_batcave,
          uniq_fannar
Lair:3:   layout_layer_cave, minmay_shoals_entry_beasts,
          nicolae_spider_entry_non_spiders, minivault_25
Lair:4:   layout_regular_city
Lair:5:   layout_roguey, minmay_slime_entry_jelly_boxes, minmay_another_anthill,
          lemuel_fruit_tree, serial_bayou_shore_b, uniq_urug
Lair:6:   grunt_lair_end_beastmaster, layout_hall_layers, basic_altar
Shoals:1: layout_shoals, nicolae_shoals_drake_roost, uniq_nikola
Spider:1: layout_spider_delve
Spider:2: layout_spider_delve
Spider:3: layout_spider_delve
Spider:4: grunt_spider_rune_parallel, nicolae_orb_stairs, uniq_agnes,
          uniq_arachne
Orc:1:    cheibrodos_orc_guarddog, layout_caves
Orc:2:    grunt_orc_tribal_feast, layout_diamond_mine,
          portal_ice_cave_entry_ice_beasts, serial_shops, shop, nooodl_orcs_dogs

Skill      XL: |  1  2  3  4  5  6  7  8  9 10 11 12 13 14 15 16 17 |
---------------+----------------------------------------------------+-----
Fighting       | 4 5 6 8 9 11 12 13 14 15 16 17 18 19 | 19.5
Maces & Flails | 4 5 6 7 8 10 11 12 13 14 15 16 | 16.4
Shields        | 1 4 7 8 10 11 12 13 | 13.8
Dodging        | 3 5 7 8 10 11 12 13 | 13.1
Throwing       | 4 6 8 9 |  9.0

Action                   |  1- 3 |  4- 6 |  7- 9 | 10-12 | 13-15 | 16-18 || total
-------------------------+-------+-------+-------+-------+-------+-------++-------
Melee: Mace              |    68 |   139 |       |       |       |       ||   207
       Tailslap          |     9 |    23 |    57 |   129 |   340 |   225 ||   783
       Flail             |       |    54 |   375 |   567 |       |       ||   996
       Whip              |       |    24 |    10 |       |       |       ||    34
       Eveningstar       |       |       |       |   277 |   715 |   139 ||  1131
       Demon whip        |       |       |       |   111 |   845 |   789 ||  1745
Throw: Boomerang         |       |       |     1 |     2 |     1 |    31 ||    35
Invok: Berserk           |     1 |     3 |     2 |     2 |     2 |       ||    10
       Trog's Hand       |       |     1 |       |       |       |       ||     1
       Brothers in Arms  |       |       |       |       |       |     2 ||     2
 Abil: Breathe Fire      |       |       |     3 |     5 |       |       ||     8
Evoke: Wand              |       |       |       |       |     1 |     1 ||     2
  Use: Scroll            |     2 |     5 |    12 |    11 |     6 |     5 ||    41
       Potion            |       |       |       |     3 |       |     6 ||     9
 Stab: Sleeping          |       |     1 |     2 |     5 |    14 |     5 ||    27
       Distracted        |       |       |     1 |       |       |       ||     1
       Petrified         |       |       |       |       |     8 |       ||     8
  Eat: Chunk             |     1 |     9 |    14 |    27 |    33 |    19 ||   103
       Ration            |       |       |       |       |     1 |     1 ||     2
Armor: Skin              |    37 |    78 |   157 |   152 |   241 |   180 ||   845
Dodge: Dodged            |    73 |   165 |   233 |   703 |   766 |   532 ||  2472
Block: Buckler           |       |       |    28 |   137 |       |       ||   165
       Kite shield       |       |       |       |   194 |   790 |   568 ||  1552

Table legend:
 A = Non-vault XP
 B = Vault XP
 C = Vault XP percentage of total XP
 D = Non-vault monster count
 E = Vault monster count
 F = Vault count percentage of total count
                 A         B        C        D         E       F
            +---------+---------+-------+---------+---------+-------
      Total |  158649 |   94021 |  37.2 |     756 |     372 |  33.0
            +---------+---------+-------+---------+---------+-------
        D:1 |      61 |       0 |   0.0 |      24 |       0 |   0.0
        D:2 |      77 |      77 |  50.0 |      18 |       5 |  21.7
        D:3 |     259 |      62 |  19.3 |      27 |      20 |  42.6
        D:4 |     294 |      35 |  10.6 |      15 |       1 |   6.2
        D:5 |     228 |       0 |   0.0 |      16 |       0 |   0.0
        D:6 |    1256 |      12 |   0.9 |      23 |       6 |  20.7
        D:7 |    1268 |     691 |  35.3 |      21 |      12 |  36.4
        D:8 |     806 |       0 |   0.0 |      20 |       0 |   0.0
        D:9 |    2545 |    1823 |  41.7 |      18 |      26 |  59.1
       D:10 |    1070 |     561 |  34.4 |      29 |       5 |  14.7
       D:11 |    4415 |       0 |   0.0 |      37 |       0 |   0.0
       D:12 |    4738 |    1042 |  18.0 |      37 |      36 |  49.3
       D:13 |    7038 |    7481 |  51.5 |      30 |       7 |  18.9
       D:14 |   15696 |    1260 |   7.4 |      39 |       1 |   2.5
       D:15 |   10139 |    5052 |  33.3 |      32 |       6 |  15.8
     Lair:1 |    7326 |     947 |  11.4 |      37 |       5 |  11.9
     Lair:2 |    1256 |    1027 |  45.0 |       8 |       7 |  46.7
     Lair:3 |    4487 |    1129 |  20.1 |      20 |      10 |  33.3
     Lair:4 |    8112 |    1445 |  15.1 |      32 |       2 |   5.9
     Lair:5 |   10526 |    6662 |  38.8 |      27 |      44 |  62.0
     Lair:6 |   12967 |   10099 |  43.8 |      32 |      20 |  38.5
   Shoals:1 |    1566 |       0 |   0.0 |       3 |       0 |   0.0
   Spider:1 |   14763 |       0 |   0.0 |      41 |       0 |   0.0
   Spider:2 |   12582 |       0 |   0.0 |      35 |       0 |   0.0
   Spider:3 |    8874 |       0 |   0.0 |      26 |       0 |   0.0
   Spider:4 |   11720 |   32176 |  73.3 |      30 |      58 |  65.9
      Orc:1 |    7348 |     832 |  10.2 |      23 |       5 |  17.9
      Orc:2 |    7232 |    9777 |  57.5 |      56 |      48 |  46.2
      IceCv |       0 |   10603 | 100.0 |       0 |      43 | 100.0
   Gauntlet |       0 |    1228 | 100.0 |       0 |       5 | 100.0
            +---------+---------+-------+---------+---------+-------
